 Dungeon Crawl Stone Soup version 0.25.1-2-g60ff931df9 (webtiles) character file.

Game seed: 2368550015628670736

590 Peloso the Slasher (level 7, -1/66 HPs)
             Began as a Minotaur Fighter on July 29, 2020.
             Slain by Edmund
             ... wielding a +2 dire flail of protection
              (9 damage)
             ... on level 4 of the Dungeon.
             The game lasted 00:07:08 (3441 turns).

Peloso the Slasher (Minotaur Fighter)               Turns: 3441, Time: 00:07:08

Health: -1/66      AC:  7    Str: 20 (21) XL:     7   Next: 16%
Magic:  6/6        EV:  9    Int:  6 (7)  God:
Gold:   148        SH:  9    Dex:  8 (11) Spells: 6/6 levels left

rFire    . . .     SeeInvis .   a - +0 long sword
rCold    . . .     Gourm    .   c - +0 kite shield
rNeg     . . .     Faith    .   b - +0 scale mail
rPois    .         Spirit   .   (helmet restricted)
rElec    .         Reflect  .   (no cloak)
rCorr    .         Harm     .   (no gloves)
MR       .....                  (no boots)
Stlth    ..........             (no amulet)
HPRegen  0.21/turn              (no ring)
MPRegen  0.10/turn              (no ring)

@: hasted, very quick
A: retaliatory headbutt, horns 2, clever 1, sense surroundings 1, robust 1
a: no special abilities


You were on level 4 of the Dungeon.
You were not hungry.

You visited 1 branch of the dungeon, and saw 4 of its levels.

You collected 148 gold pieces.

Inventory:

Hand Weapons
 a - a +0 long sword (weapon)
Armour
 b - a +0 scale mail (worn)
 c - a +0 kite shield (worn)
Jewellery
 g - a cursed ring of attention {unknown}
Wands
 l - a wand of paralysis (8)
 p - a wand of random effects (15)
Scrolls
 d - 2 scrolls of teleportation {unknown}
 e - 5 scrolls of identify
 h - a scroll of enchant weapon {unknown}
 i - a scroll of remove curse
 k - 2 scrolls of magic mapping
 n - a scroll of amnesia {unknown}
Comestibles
 f - 5 rations
 o - 2 chunks of flesh


   Skills:
 + Level 4.9 Fighting
 + Level 5.6 Long Blades
 + Level 5.4 Armour
 + Level 2.9 Dodging
 + Level 0.4 Stealth
 + Level 5.4 Shields


You had 6 spell levels left.
You didn't know any spells.
Your spell library contained the following spells:

 Spells                   Type           Power        Failure   Level  Hunger
 Animate Skeleton         Necr           N/A          99%         1    ##.....
 Apportation              Tloc           #.....       99%         1    ##.....
 Corona                   Hex            #......      99%         1    ##.....
 Magic Dart               Conj           #...         99%         1    ##.....
 Summon Small Mammal      Summ           #...         99%         1    ##.....
 Blink                    Tloc           N/A          100%        2    ###....
 Call Imp                 Summ           #.......     100%        2    ###....
 Slow                     Hex            #.......     100%        2    ###....
 Conjure Flame            Conj/Fire      #.......     100%        3    ####...
 Mephitic Cloud           Conj/Pois/Air  #.......     100%        3    ####...


Dungeon Overview and Level Annotations

Branches:
Dungeon (4/15)
 Temple: D:4-7

Altars:
Kikubaaqudgha
Nemelex Xobeh
Sif Muna
Xom

Annotations:
D:4 Edmund


Innate Abilities, Weirdness & Mutations

You reflexively headbutt those who attack you in melee.
You have a pair of horns on your head.
Your mind is acute. (Int +2)
You passively map a small area around you.
You are robust. (+10% HP)


Message History

Edmund hits you with a +2 dire flail of protection.
* * * LOW HITPOINT WARNING * * *
Your scale mail prevents you from hitting Edmund.
Your headbutt misses Edmund.
Edmund is lightly wounded.
Edmund hits you with a +2 dire flail of protection.
* * * LOW HITPOINT WARNING * * *
You closely miss Edmund.
Edmund is lightly wounded.
Edmund hits you but does no damage.
You hit Edmund but do no damage.
Edmund is lightly wounded.
You block Edmund's attack.
It was a potion of degeneration.
There was something very wrong with that liquid.
You feel weakened.
You feel dopey.
You feel clumsy. You block Edmund's attack.
It was a potion of haste.
You feel yourself speed up.
Edmund hits you with a +2 dire flail of protection!
You die...

#.#####....... *
.##.# #..##### *
#.##.# #..# # *
####.##.# #..# #
.....##.#####..#
# #............#
##.#.....######
, ####.@#.#.###
#....@#%#.# ** ,
##.....).#.# ≈ #
* #....).....#*
* # ,
#......##### #
#......# * * ≈
..............#
,≈ * ,
.....########..
** * ##### * ≈ ≈
** ** *


You could see Edmund.

Vanquished Creatures
  2 centaurs (D:3)
  A bullfrog zombie (D:4)
  A centaur zombie (D:4)
  An orc priest (D:4)
  Jessica (D:3)
  Natasha (thrice) (D:3)
  An iguana (D:3)
  A worker ant (D:4)
  2 hound zombies (D:4)
  Robin (D:3)
  5 adders
  An ooze (D:3)
  2 worms (D:2)
  2 leopard geckos
  6 orcs
  4 giant cockroaches
  14 goblins
  9 hobgoblins
  2 quokkas
  2 ball pythons
  5 bats
  13 frilled lizards
  7 kobolds
  6 rats
92 creatures vanquished.

Notes
Turn   | Place    | Note
-------+----------+-------------------------------------------
     0 | D:1      | Peloso the Minotaur Fighter began the quest for the Orb.
     0 | D:1      | Reached XP level 1. HP: 19/19 MP: 0/0
   351 | D:1      | Reached XP level 2. HP: 24/27 MP: 1/1
   891 | D:2      | Found a sparkling altar of Nemelex Xobeh.
   891 | D:2      | Found a shimmering blue altar of Sif Muna.
   899 | D:2      | Reached XP level 3. HP: 33/33 MP: 2/2
  1140 | D:2      | You fall into a shaft and drop 1 floor!
  1140 | D:3      | Noticed Robin
  1208 | D:3      | Reached XP level 4. HP: 34/40 MP: 3/3
  1219 | D:3      | Killed Robin
  1236 | D:3      | Reached skill level 1 in Dodging
  1609 | D:3      | Noticed Natasha
  1622 | D:3      | Killed Natasha
  1622 | D:3      | Reached XP level 5. HP: 21/47 MP: 4/4
  1978 | D:3      | Noticed Natasha
  1988 | D:3      | Killed Natasha
  2049 | D:3      | Noticed Natasha
  2052 | D:3      | Gained mutation: You passively map a small area around you.
                  | [potion of mutation]
  2052 | D:3      | Gained mutation: You are robust. (+10% HP) [potion of
                  | mutation]
  2052 | D:3      | Gained mutation: Your mind is acute. (Int +2) [potion of
                  | mutation]
  2055 | D:3      | Killed Natasha
  2280 | D:3      | Noticed a centaur
  2288 | D:3      | Killed a centaur
  2288 | D:3      | Reached skill level 5 in Shields
  2288 | D:3      | Reached XP level 6. HP: 28/58 MP: 5/5
  2737 | D:3      | Found an ancient bone altar of Kikubaaqudgha.
  2737 | D:3      | Noticed Jessica
  2739 | D:3      | Killed Jessica
  2925 | D:2      | Reached skill level 5 in Long Blades
  2932 | D:2      | Reached skill level 5 in Armour
  3185 | D:4      | Found a shimmering altar of Xom.
  3360 | D:4      | Reached XP level 7. HP: 65/66 MP: 6/6
  3421 | D:4      | Noticed Edmund
  3441 | D:4      | Slain by Edmund

Illustrated notes

Levels and vault maps discovered:
D:1:      dpeg_arrival_connections, layout_loops_cross, minmay_lizard_pond
D:2:      layout_loops_cross, gammafunk_temple_overflow_wave, first_ration
D:3:      layout_basic, marbit_many_paths, grunt_ministairs_3, uniq_jessica,
          uniq_natasha, uniq_robin
D:4:      layout_loops_ring, kennysheep_little_box, xom_butterflies, minitemple,
          serial_undead, serial_undead_b, serial_undead_a, serial_undead_f,
          serial_undead_c, ebering_ghost_reflecting_pool,
          gup_sewer_entry_spiral, uniq_edmund

Skill      XL: |  1  2  3  4  5  6 |
---------------+-------------------+-----
Shields        | 4 5 |  5.4
Fighting       | 4 |  4.9
Armour         | 4 5 |  5.4
Long Blades    | 3 4 5 |  5.6
Dodging        | 1 2 |  2.9
Stealth        | |  0.4

Action                   |  1- 3 |  4- 6 |  7- 9 || total
-------------------------+-------+-------+-------++-------
Melee: Long sword        |   115 |    96 |    24 ||   235
       Headbutt          |    12 |    24 |     5 ||    41
  Use: Scroll            |     4 |       |       ||     4
       Potion            |     1 |     4 |     2 ||     7
  Eat: Chunk             |     1 |     7 |       ||     8
Armor: Scale mail        |    75 |    31 |     5 ||   111
Dodge: Dodged            |    36 |    42 |     6 ||    84
Block: Kite shield       |    90 |    57 |     9 ||   156
       Rpst.: Long sword |     8 |    15 |     1 ||    24
